 Dungeon Crawl Stone Soup version 0.17.1-2-g5865329 (webtiles) character file.

20451 Killerpretzel the Destroyer (level 12, -1/68 HPs)
             Began as a Deep Elf Conjurer on Jan 14, 2016.
             Was an Elder of Vehumet.
             Slain by a cyan ugly thing (9 damage)
             ... on level 11 of the Dungeon on Jan 15, 2016.
             The game lasted 02:05:45 (19615 turns).

Killerpretzel the Destroyer (Deep Elf Conjurer)    Turns: 19615, Time: 02:05:45

Health: -1/68      AC:  9    Str:  8    XL:     12   Next: 45%
Magic:  5/28       EV: 18    Int: 29    God:    Vehumet [****..]
Gold:   481        SH:  0    Dex: 15    Spells: 6 memorised, 12 levels left

rFire  . . .     SeeInvis +     a - staff of wizardry
rCold  . . .     Clarity  .     m - +2 robe
rNeg   . . .     SustAt   .     (no shield)
rPois  .         Gourm    +     o - +0 helmet
rElec  .         Spirit   .     Q - +1 cloak {MR+}
rCorr  .         Warding  .     (no gloves)
rMut   .         Stasis   .     z - +1 pair of boots
MR     ++...                    w - amulet of the gourmand
Stlth  ++........               k - ring of see invisible
                                j - +6 ring of intelligence

@: delayed fireball, very resistant to hostile enchantments, unstealthy
A: no striking features
a: Renounce Religion, Release Delayed Fireball


You were on level 11 of the Dungeon.
You worshipped Vehumet.
Vehumet was greatly pleased with you.
You were completely stuffed.

You visited 3 branches of the dungeon, and saw 14 of its levels.
You also visited: Ossuary.

You collected 848 gold pieces.
You spent 367 gold pieces at shops.

Inventory:

Hand Weapons
 b - a +1 flail of holy wrath
 n - the +3 whip "Ikoash" {pain, +Fly Int+4 Dex-4}
   (You found it on level 1 of the Lair of Beasts)

   In the hands of one skilled in necromantic magic, it inflicts extra damage on
   living creatures.
   It affects your intelligence (+4).
   It affects your dexterity (-4).
   It lets you fly.
 r - a +5 dagger of electrocution
 v - a +2 dagger of holy wrath
 C - a +1 vampiric dagger
 O - a +0 hand axe of venom
Missiles
 q - 83 poisoned needles
 y - 3 curare-tipped needles
 B - 90 sling bullets
 J - 2 tomahawks of returning (quivered)
 U - 2 needles of confusion
Armour
 m - a +2 robe (worn)
 o - a +0 helmet (worn)
 z - a +1 pair of boots (worn)
 Q - a +1 cloak of magic resistance (worn)
Magical Staves
 a - an uncursed staff of wizardry (weapon)
Jewellery
 j - a +6 ring of intelligence (left hand)
 k - a ring of see invisible (right hand)
 w - an amulet of the gourmand (around neck)
 I - an uncursed ring of protection from fire
Wands
 g - a wand of slowing (34)
 i - a wand of confusion (22)
 u - a wand of polymorph (19)
 A - a wand of magic darts (26)
 D - a wand of enslavement (18)
 G - a wand of magic darts (31)
 N - a wand of random effects (15)
Scrolls
 d - 2 scrolls of immolation
 e - a scroll of fog
 h - 6 scrolls of teleportation
 x - 2 scrolls of identify
Potions
 f - 4 potions of agility
 l - 7 potions of curing
 p - 4 potions of cancellation
 t - a potion of ambrosia
 F - a potion of brilliance
 T - a potion of lignification
Comestibles
 c - 4 bread rations {@e1}
 s - 3 chunks of flesh {@w0}
 H - 11 fruits


   Skills:
 + Level 5.6 Fighting
 + Level 9.2 Dodging
 - Level 2.4 Stealth
 + Level 10.4 Spellcasting
 * Level 13.7 Conjurations
 - Level 11.2 Charms
 * Level 8.7 Fire Magic


You had 12 spell levels left.
You knew the following spells:

 Your Spells              Type           Power        Failure   Level  Hunger
a - Magic Dart            Conj           ####         0%          1    None
b - Searing Ray           Conj           ######       1%          2    None
c - Flame Tongue          Conj/Fire      #####        1%          1    None
d - Conjure Flame         Conj/Fire      ######..     1%          3    None
w - Iskenderun's Battles  Conj/Chrm      ######..     1%          5    ###....
x - Delayed Fireball      Conj/Fire      N/A          4%          7    ######.


Dungeon Overview and Level Annotations

Branches:
Dungeon (11/15)            Temple (1/1) D:6            Lair (2/8) D:8
    Orc (0/4) D:9

Altars:
Ashenzari
Cheibriados
Dithmenos
Elyvilon
Fedhas
Gozag
Kikubaaqudgha
Makhleb
Nemelex Xobeh
Okawaru
Qazlal
Ru
Sif Muna
Trog
Vehumet
Xom
Yredelemnul
Zin
The Shining One

Shops:
D:5 ?(:*   D:6 *   D:10 (

Portals:
Trove: D:10 (give 6 scrolls of blinking)

Annotations:
D:5 Menkaure
D:6 Grinder
D:10 Josephine
D:11 exclusion: upstairs, Maud


Message History

The cyan ugly thing is moderately wounded.
Casting: Magic Dart
Confirm with . or Enter, or press ? or * to list all spells.
Aiming: Magic Dart
Press: ? - help, Shift-Dir - straight line, f/p - cyan ugly thing
Aim: a cyan ugly thing (moderately wounded)
The magic dart hits the cyan ugly thing.
The cyan ugly thing is moderately wounded.
* * * LOW MAGIC WARNING * * *
Your battlesphere fires!
The barrage of energy hits the cyan ugly thing.
The cyan ugly thing is heavily wounded.
Your battlesphere expends the last of its energy and dissipates.
The cyan ugly thing gores you!
* * * LOW HITPOINT WARNING * * *
The cyan ugly thing shocks you!
* * * LOW HITPOINT WARNING * * *
Drink which item? (? for menu, Esc to quit)
You feel better. The cyan ugly thing gores you!
You die...

#.....###...###......#..#*###
#####.......#._.#........#..#....
#.........###...###....###..#....
#.......###.####'.###.......#....
#.....###....#.#....###.....#....
#...........##.##...........#....
#...........#...#...........#####
#..........##...##.............§.
####.......#....@#.........>.....
#.......#....u#.............@.
#......####§..................
#......# ##.......#..........
#......# #.†.....#..........
#......# #†#+###.#......####
#......#####†#...'.#......#
#...)..Y.....#..<#.##.....#
###..........#...#..#.....#


You could see a cyan ugly thing.

Vanquished Creatures
  2 hydras
  2 unseen horrors
  An ugly thing (D:10)
  2 black mambas (Lair:1)
  A cyclops (D:11)
  Maurice (D:9)
  Joseph (D:7)
  A gargoyle (D:10)
  4 spiny frogs (Lair:1)
  4 komodo dragons
  A two-headed ogre (D:11)
  A troll (D:10)
  Prince Ribbit (D:8)
  Sigmund (D:2)
  A wraith (D:10)
  2 deep elf magi (D:11)
  A wyvern (D:8)
  2 hippogriffs (Lair:2)
  26 yaks
  Edmund (D:5)
  7 water moccasins
  3 soldier ants
  8 wolves (Lair:1)
  Duvessa (D:7)
  2 ice beasts
  A necrophage (D:9)
  2 orc warriors
  A black bear (D:10)
  A spider (D:8)
  An eye of draining (D:10)
  3 phantoms
  2 sky beasts
  7 crocodiles
  4 centaurs
  4 ogres
  11 giant frogs
  A gnoll sergeant (D:9)
  A big kobold (D:7)
  Dowan (D:7)
  A water moccasin skeleton (D:4)
  A water moccasin zombie (D:8)
  6 scorpions
  A centaur zombie (D:7)
  3 orc priests
  A quasit (D:8)
  6 crimson imps
  A jelly (D:11)
  9 hounds
  A gnoll shaman (D:9)
  3 giant frog skeletons
  6 iguanas
  9 orc wizards
  8 worker ants
  2 hound zombies
  2 hound skeletons
  A worker ant zombie (D:8)
  23 gnolls
  20 adders
  47 river rats
  5 shadow imps
  An adder skeleton (D:8)
  An adder zombie (D:5)
  2 worms (D:3)
  6 giant geckos
  33 orcs
  2 ball pythons (D:1)
  9 bats
  5 giant cockroaches
  9 goblins
  4 hobgoblins
  14 jackals
  13 kobolds
  3 quokkas
  5 giant newts
  2 goblin skeletons (Ossuary)
  A goblin zombie (D:7)
  A jackal skeleton (D:5)
  2 quokka zombies
  4 rats
390 creatures vanquished.

Vanquished Creatures (others)
  6 fungi (Lair:1)
  2 plants (Lair:1)
8 creatures vanquished.

Grand Total: 398 creatures vanquished

Notes
Turn   | Place    | Note
--------------------------------------------------------------
     0 | D:1      | Killerpretzel the Deep Elf Conjurer began the quest for the Orb.
     0 | D:1      | Reached XP level 1. HP: 10/10 MP: 6/6
   245 | D:1      | Reached XP level 2. HP: 15/15 MP: 5/8
   247 | D:1      | Reached skill level 5 in Conjurations
   251 | D:1      | Learned a level 2 spell: Searing Ray
  1187 | D:2      | Noticed Sigmund
  1423 | D:2      | Reached XP level 3. HP: 13/19 MP: 3/9
  1529 | D:2      | Found a stormy altar of Qazlal.
  1810 | D:2      | Found a blossoming altar of Fedhas.
  2062 | D:2      | Reached skill level 6 in Conjurations
  2101 | D:2      | Reached XP level 4. HP: 24/24 MP: 5/10
  3478 | D:3      | Reached XP level 5. HP: 28/28 MP: 7/11
  3485 | D:3      | Learned a level 5 spell: Iskenderun's Battlesphere
  3576 | D:3      | Reached skill level 7 in Conjurations
  3805 | D:3      | Found an ancient bone altar of Kikubaaqudgha.
  3848 | D:3      | Reached skill level 1 in Charms
  3882 | D:3      | Found a glowing silver altar of Zin.
  3887 | D:3      | Found a burning altar of Makhleb.
  3927 | D:3      | Noticed an Executioner
  3927 | D:3      | Noticed an angel
  4245 | D:4      | Found a shattered altar of Ashenzari.
  4246 | D:4      | Found a snail-covered altar of Cheibriados.
  4562 | D:4      | Reached XP level 6. HP: 32/32 MP: 4/12
  5551 | D:5      | Entered Level 5 of the Dungeon
  5572 | D:4      | Reached skill level 5 in Charms
  5576 | D:4      | Reached skill level 8 in Conjurations
  5781 | D:5      | Found Nevvyclu's Magic Scroll Shoppe.
  5888 | D:5      | Noticed Menkaure
  5988 | D:5      | Bought a scroll of silence for 75 gold pieces
  5988 | D:5      | Bought a scroll of teleportation for 30 gold pieces
  5988 | D:5      | Bought a scroll of amnesia for 35 gold pieces
  6099 | D:5      | Reached XP level 7. HP: 36/36 MP: 9/13
  6228 | D:5      | Found Moelles's Antique Weapon Shoppe.
  6369 | D:5      | Found Esecsy's General Store.
  6372 | D:5      | Noticed Edmund
  6382 | D:5      | Killed Edmund
  6386 | D:5      | Found Owagoc's Book Boutique.
  6995 | D:5      | Found an iron altar of Okawaru.
  6999 | D:5      | Found a bloodstained altar of Trog.
  7389 | D:6      | Reached skill level 1 in Fighting
  7674 | D:6      | Found a staircase to the Ecumenical Temple.
  7683 | D:6      | Reached skill level 9 in Conjurations
  7683 | D:6      | Reached XP level 8. HP: 43/43 MP: 7/15
  7747 | Temple   | Entered the Ecumenical Temple
  7790 | Temple   | Became a worshipper of Vehumet
  8073 | D:6      | Found Naguungo's Serpentskin Sales.
  8439 | D:6      | Noticed Grinder
  8650 | D:6      | Reached skill level 5 in Spellcasting
  8763 | D:6      | Found a sacrificial altar of Ru.
  8968 | D:2      | Killed Sigmund
  8968 | D:2      | Reached skill level 10 in Conjurations
  9086 | D:5      | Bought an uncursed ring of see invisible for 195 gold pieces
  9086 | D:5      | Bought a potion of mutation for 32 gold pieces
  9192 | D:7      | Found a sand-covered staircase.
  9201 | Ossuary  | Entered an ossuary
  9260 | Ossuary  | Noticed Moresty's ghost (novice TrMo)
  9371 | D:7      | Reached XP level 9. HP: 49/49 MP: 16/19
  9409 | D:7      | Found a deep blue altar of Sif Muna.
  9642 | D:7      | Noticed Joseph
  9654 | D:7      | Killed Joseph
  9654 | D:7      | Reached skill level 5 in Dodging
  9925 | D:7      | Reached * piety under Vehumet
  9925 | D:7      | Offered knowledge of Freeze by Vehumet.
 10309 | D:7      | Noticed Duvessa
 10314 | D:7      | Killed Duvessa
 10317 | D:7      | Noticed Dowan
 10318 | D:7      | Killed Dowan
 10933 | D:8      | Reached skill level 11 in Conjurations
 11265 | D:8      | Noticed Prince Ribbit
 11269 | D:8      | Killed Prince Ribbit
 11349 | D:8      | Found a staircase to the Lair.
 11653 | D:8      | Reached XP level 10. HP: 49/56 MP: 14/22
 12140 | D:9      | Found a staircase to the Orcish Mines.
 12244 | D:9      | Reached ** piety under Vehumet
 12244 | D:9      | Offered knowledge of Flame Tongue by Vehumet.
 12247 | D:9      | Learned a level 1 spell: Flame Tongue
 12321 | D:9      | Reached skill level 10 in Charms
 12462 | D:9      | Noticed Maurice
 12468 | D:9      | Killed Maurice
 12468 | D:9      | Reached skill level 1 in Fire Magic
 12552 | D:9      | Found a sacrificial altar of Ru.
 13335 | D:10     | Entered Level 10 of the Dungeon
 13370 | D:10     | Found Buazxy's Antique Weapon Emporium.
 13472 | D:10     | Noticed an unseen horror
 13476 | D:10     | Killed an unseen horror
 13476 | D:10     | Reached skill level 12 in Conjurations
 13498 | D:10     | Offered knowledge of Conjure Flame by Vehumet.
 13503 | D:10     | Learned a level 3 spell: Conjure Flame
 14302 | D:10     | Reached XP level 11. HP: 61/61 MP: 10/25
 14344 | D:10     | Noticed Josephine
 14392 | D:10     | Noticed a green ugly thing
 14399 | D:10     | Killed a green ugly thing
 14613 | D:10     | Reached *** piety under Vehumet
 14626 | D:10     | Found a portal to a secret trove of treasure.
 14794 | D:10     | Reached skill level 5 in Fire Magic
 15106 | Lair:1   | Entered Level 1 of the Lair of Beasts
 15117 | Lair:1   | Offered knowledge of Stone Arrow by Vehumet.
 15653 | Lair:1   | Got a bone whip
 15669 | Lair:1   | Identified the +3 whip "Ikoash" {pain, +Fly Int+4 Dex-4} (You found it on level 1 of the Lair of Beasts)
 16092 | Lair:1   | Reached **** piety under Vehumet
 16377 | Lair:1   | Noticed a six-headed hydra
 16836 | Lair:1   | Killed a six-headed hydra
 16836 | Lair:1   | Reached skill level 5 in Fighting
 17171 | Lair:1   | Reached skill level 13 in Conjurations
 17439 | Lair:1   | Offered knowledge of Sticky Flame by Vehumet.
 18030 | Lair:2   | Reached skill level 10 in Spellcasting
 18037 | Lair:2   | Reached XP level 12. HP: 68/68 MP: 19/28
 18688 | D:7      | Reached ***** piety under Vehumet
 18830 | D:10     | Offered knowledge of Delayed Fireball by Vehumet.
 18847 | D:10     | Learned a level 7 spell: Delayed Fireball
 19042 | D:11     | Found a labyrinth entrance.
 19212 | D:11     | Found a shattered altar of Ashenzari.
 19286 | D:11     | Noticed an eight-headed hydra
 19289 | D:11     | Killed an eight-headed hydra
 19565 | D:11     | Noticed Maud
 19614 | D:11     | HP: 3/68 [cyan ugly thing (14)]
 19615 | D:11     | Slain by a cyan ugly thing

Action                   |  1- 3 |  4- 6 |  7- 9 | 10-12 || total
-------------------------+-------+-------+-------+-------++-------
Melee: Flail             |       |       |     3 |     3 ||     6
       Staff             |       |       |     3 |     1 ||     4
Throw: Stone             |       |       |     3 |       ||     3
       Tomahawk          |       |       |     2 |       ||     2
 Cast: Magic Dart        |    67 |   128 |   169 |   367 ||   731
       Searing Ray       |       |     3 |    11 |    15 ||    29
       Iskenderun's Batt |       |     5 |    50 |   117 ||   172
       Conjure Flame     |       |       |       |    19 ||    19
       Flame Tongue      |       |       |       |    63 ||    63
       Delayed Fireball  |       |       |       |     1 ||     1
Evoke: Wand              |       |       |       |     1 ||     1
  Use: Potion            |     1 |       |       |    14 ||    15
       Scroll            |       |    14 |     7 |     5 ||    26
  Eat: Chunk             |     3 |    22 |    31 |    43 ||    99
